 Dungeon Crawl Stone Soup version 0.30-b1-2-g02819fbbbe (webtiles) character file.

Game seed: 10224518063781469878

286 raph the Conjurer (level 6, 0/47 HPs)
             Began as a Draconian Conjurer on May 17, 2023.
             Was an Initiate of Vehumet.
             Slain by Duvessa
             ... wielding a +0 short sword
              (2 damage)
             ... on level 5 of the Dungeon.
             The game lasted 00:08:10 (5718 turns).

raph the Conjurer (Draconian Conjurer)              Turns: 5718, Time: 00:08:11

Health: 0/47       AC:  8    Str: 10    XL:     6   Next: 8%
Magic:  1/9        EV: 17    Int: 20    God:    Vehumet [......]
Gold:   86         SH:  0    Dex: 14    Spells: 3/9 levels left

rFire   . . .        u - +4 trident of Tutzun {venom, rC+ rCorr Dex+5}
rCold   + . .        (no shield)
rNeg    . . .        (body armour unavailable)
rPois   .            (helmet restricted)
rElec   .            d - +0 cloak
rCorr   +            s - +0 pair of gloves
SInv    +            (no boots)
Will    .....        p - amulet of magic regeneration
Stlth   ++           a - ring of see invisible
HPRegen 0.27/turn    q - +5 ring of evasion
MPRegen 0.51/turn

%: no passive effects
@: no status effects
A: AC +6, unfitting armour, cold-blooded
a: Renounce Religion


You were on level 5 of the Dungeon.
You worshipped Vehumet.
Vehumet was noncommittal.
You visited 1 branch of the dungeon, and saw 7 of its levels.

You collected 281 gold pieces.
You spent 195 gold pieces at shops.

Inventory:

Hand Weapons
 l - a +1 short sword of venom
 o - a +2 dagger of draining
 u - the +4 trident of Tutzun (weapon) {venom, rC+ rCorr Dex+5}
   (You bought it in a shop on level 5 of the Dungeon)

   Dex:       It affects your dexterity (+5).
   rC:        It protects you from cold.
   rCorr:     It protects you from acid and corrosion.
Missiles
 m - 2 atropa-tipped darts
Armour
 d - a +0 cloak (worn)
 s - a +0 pair of gloves (worn)
Jewellery
 a - a ring of see invisible (left hand)
 p - an amulet of magic regeneration (around neck)
 q - a +5 ring of evasion (right hand)
Wands
 h - a wand of flame (13)
 j - a wand of iceblast (7)
Scrolls
 g - a scroll of fog
 t - a scroll of enchant weapon
 x - a scroll of fear {unknown}
Potions
 b - a potion of resistance {unknown}
 c - a potion of haste
 e - 2 potions of attraction
 f - a potion of lignification {unknown}
 i - 2 potions of ambrosia
 k - 4 potions of heal wounds
 n - 2 potions of flight {unknown}
 v - a potion of brilliance {unknown}
 w - a potion of curing {unknown}


   Skills:
 + Level 1.0 Fighting
 + Level 2.1 Dodging
 - Level 1.7 Stealth
 + Level 2.2 Spellcasting
 + Level 7.0 Conjurations


You had 3 spell levels left.
You knew the following spells:

 Your Spells              Type           Power      Damage    Failure   Level
a - Magic Dart            Conj           100%       1d8       1%          1
b - Searing Ray           Conj           60%        2d6       1%          2
c - Dazzling Flash        Conj/Hex       32%        N/A       11%         3

Your spell library contained the following spells:

 Spells                   Type           Power      Damage    Failure   Level
 Stone Arrow              Conj/Erth      32%        3d9       11%         3
 Necrotise                Necr           8%         1d4       16%         1
 Sandblast                Erth           4%         2d4       16%         1
 Cigotuvi's Dreadful Rot  Necr/Pois/Air  4%         N/A       24%         2
 Passwall                 Tmut/Erth      1%         N/A       24%         2
 Call Canine Familiar     Summ           2%         N/A       43%         3
 Ignite Poison            Fire/Tmut/Pois 2%         N/A       43%         3
 Portal Projectile        Hex/Tloc       4%         N/A       43%         3
 Vampiric Draining        Necr           2%         2d6       43%         3
 Vhi's Electric Charge    Tloc/Air       4%         N/A       43%         3
 Fulminant Prism          Conj/Hex       8%         3d7       34%         4
 Iskenderun's Mystic Bla  Conj/Tloc      16%        2d5       34%         4
 Arcjolt                  Conj/Air       8%         1d18      69%         5
 Leda's Liquefaction      Hex/Erth       1%         N/A       83%         4
 Freezing Cloud           Conj/Ice/Air   5%         6-21      85%         5
 Agony                    Necr           2%         N/A       99%         5
 Maxwell's Capacitive Co  Air            1%         ∞         100%        8


Dungeon Overview and Level Annotations

Branches:
Dungeon (7/15)             Temple (0/1) D:7

Altars:
Makhleb
Okawaru
Vehumet

Shops:
D:2 [(   D:5 (

Annotations:
D:5 Dowan, Duvessa


Innate Abilities, Weirdness & Mutations

Your plain brown scales are hard. (AC +6)
You cannot fit into any form of body armour.
You are cold-blooded and may be slowed by cold attacks.


Message History

Aiming: Searing Ray (safe; 1% risk of failure)
Press: ? - help, Shift-Dir - straight line, f/p - Duvessa
Aim: Duvessa, wielding a +0 short sword, wearing a +2 chain mail of cold resistance and carrying a wand of flame (11) (almost dead, fast, 87% to hit)
The searing ray hits Duvessa but does no damage.
Duvessa is almost dead.
The searing ray hits Dowan but does no damage.
Dowan is moderately wounded. (Press . to maintain the ray.) Duvessa hits you with a +0 short sword.
Dowan whispers, "It won't be long now."
Dowan casts a spell.
Dowan blinks!
Without enough magic to sustain it, your searing ray dissipates.
Duvessa zaps a wand.
The puff of flame misses you. Duvessa closely misses you.
Casting: Searing Ray (safe; 1% risk of failure)
Confirm with . or Enter, or press ? or * to list all spells.
You don't have enough magic to cast this spell.
Aiming: Magic Dart (safe; 1% risk of failure)
Press: ? - help, Q - select action, (/) - cycle Shift-Dir - straight line, f/p - Duvessa
Aim: Duvessa, wielding a +0 short sword, wearing a +2 chain mail of cold resistance and carrying a wand of flame (10) (almost dead, fast, 100% to hit)
The magic dart hits Duvessa but does no damage.
Duvessa is almost dead.
Duvessa barely misses you.
Your magical contamination has completely faded away.
You barely miss Duvessa.
Duvessa is almost dead.
Duvessa zaps a wand.
The puff of flame misses you. Duvessa closely misses you.
You hit Duvessa but do no damage.
Duvessa is poisoned.
Duvessa is almost dead.
Duvessa hits you with a +0 short sword!
* * * LOW HITPOINT WARNING * * *
Duvessa hits you with a +0 short sword!
* * * LOW HITPOINT WARNING * * *
Aiming: Magic Dart (safe; 1% risk of failure)
Press: ? - help, Q - select action, (/) - cycle Shift-Dir - straight line, f/p - Duvessa
Aim: Duvessa, wielding a +0 short sword, wearing a +2 chain mail of cold resistance and carrying a wand of flame (9) (almost dead, fast, very poisoned, 100% to hit)
The magic dart hits Duvessa but does no damage.
Duvessa is almost dead.
Duvessa completely misses you. Duvessa hits you with a +0 short sword.
You die...

##...##.# ####..#
#.....#.## #..#
##...##..#####..#
.######.####.#......#
................)..##
#######.############
#.# #.# #@# #e# #.#
#)# #e# ... ... ...


You could see Duvessa (fast, very poisoned) and Dowan.

Vanquished Creatures
  A scorpion (D:5)
  A hound (D:5)
  A sleepcap (D:5)
  Robin (D:2)
  7 adders
  A white imp (D:5)
  4 worms
  3 orcs
  5 ball pythons
  4 bats
  5 endoplasms
  5 giant cockroaches
  10 goblins
  7 hobgoblins
  6 jackals
  5 kobolds
  A quokka (D:4)
  4 frilled lizards
  3 rats
74 creatures vanquished.

Notes
Turn   | Place    | Note
-------+----------+-------------------------------------------
     0 | D:1      | raph the Draconian Conjurer began the quest for the Orb.
     0 | D:1      | Reached XP level 1. HP: 14/14 MP: 3/3
   360 | D:1      | Reached XP level 2. HP: 20/20 MP: 3/5
   774 | D:1      | Found a faded altar of an unknown god.
  1165 | D:2      | Found Qanev's Antique Weapon Boutique.
  1321 | D:2      | Learned a level 2 spell: Searing Ray
  1334 | D:2      | Reached skill level 5 in Conjurations
  1334 | D:2      | Reached XP level 3. HP: 26/26 MP: 1/6
  1338 | D:2      | Learned a level 3 spell: Dazzling Flash
  1532 | D:2      | Noticed Robin
  2170 | D:2      | Killed Robin
  2320 | D:3      | Found a radiant altar of Vehumet.
  2327 | D:3      | Became a worshipper of Vehumet
  2686 | D:3      | Reached XP level 4. HP: 33/33 MP: 3/7
  3574 | D:2      | Reached skill level 6 in Conjurations
  3867 | D:2      | Found Ikhlum's Armour Emporium.
  4064 | D:4      | You fall into a shaft and drop 3 floors!
  4071 | D:7      | Found a staircase to the Ecumenical Temple.
  4116 | D:5      | Entered Level 5 of the Dungeon
  4116 | D:5      | Noticed a scorpion
  4116 | D:5      | Found an iron altar of Okawaru.
  4122 | D:5      | Killed a scorpion
  4123 | D:5      | Reached XP level 5. HP: 38/38 MP: 4/8
  5066 | D:5      | Found Ahifoej's Antique Weapon Shoppe.
  5174 | D:5      | Reached skill level 7 in Conjurations
  5226 | D:5      | Reached skill level 1 in Fighting
  5226 | D:5      | Reached XP level 6. HP: 47/47 MP: 0/9
  5378 | D:5      | Bought an iridescent trident for 195 gold pieces
  5378 | D:5      | Identified the +4 trident of Tutzun {venom, rC+ rCorr
                  | Dex+5} (You bought it in a shop on level 5 of the Dungeon)
  5657 | D:5      | Found a burning altar of Makhleb.
  5683 | D:5      | Noticed a green death
  5691 | D:5      | Noticed Duvessa
  5693 | D:5      | Noticed Dowan
  5717 | D:5      | HP: 1/47 [Duvessa/+0 short sword (9)]
  5718 | D:5      | Slain by Duvessa

Illustrated notes

Levels and vault maps discovered:
D:1:      lightli_arrival_noodles, layout_loops_ring,
          shapermc_ecumenical_altar_petra
D:2:      layout_loops_ring, serial_shops, shop, nicolae_shop_crystal,
          uniq_robin
D:3:      layout_basic, vehumet_altar_wand_db
D:4:      layout_loops_corners
D:5:      layout_loops_corners, mainiacjoe_overflow_boulevard,
          makhleb_altar_promises_db, serial_shops, nicolae_shop_tiny_glass,
          uniq_duvessa, uniq_prince_ribbit1
D:6:      wad_river_or_something, layout_basic, fedhas_bush_and_centaur_altar,
          uniq_edmund
D:7:      gammafunk_beogh_shrine, layout_loops_corners,
          mainiacjoe_overflow_paths, kennysheep_vampire_church,
          minmay_temple_entry_crystal_x

Skill      XL: |  1  2  3  4  5 |
---------------+----------------+-----
Conjurations   | 5 6 7 |  7.0
Dodging        | 2 |  2.1
Fighting       | 1 |  1.0
Stealth        | |  1.7
Spellcasting   | |  2.2

Action                     |  1- 3 |  4- 6 || total
---------------------------+-------+-------++-------
  Melee: Unarmed           |    24 |       ||    24
         Tailslap          |     5 |     6 ||    11
         Short sword       |    11 |     7 ||    18
         Dagger            |       |    12 ||    12
         Trident           |       |     2 ||     2
  Throw: Dart              |     1 |       ||     1
   Cast: Magic Dart        |    51 |     6 ||    57
         Searing Ray       |    11 |    34 ||    45
         Dazzling Flash    |       |     2 ||     2
  Evoke: Wand              |     4 |       ||     4
    Use: Scroll            |     4 |    11 ||    15
         Potion            |     1 |     1 ||     2
 Armour: Skin              |     6 |    14 ||    20
  Dodge: Dodged            |    26 |    57 ||    83
